WCHLSIM.com - West Coast Hockey League
html PUBLIC "-//W3C//DTD XHTML 1.0 Transitional//EN" "http://www.w3.org/TR/xhtml1/DTD/xhtml1-transitional.dtd"> WCHL - Game 669 - VICTORIA GLADIATORS vs SAN FRANCISCO SPIDERS

VICTORIA GLADIATORS vs SAN FRANCISCO SPIDERS

Created - 23 janvier 2023 at 08:44

Goals
1 2 3 OT1 SO T
VICTORIA GLADIATORS 0 1 1 0 2 3
SAN FRANCISCO SPIDERS 0 2 0 0 0 2
Shots
1 2 3 OT1 SO T
VICTORIA GLADIATORS 3 13 3 8 2 27
SAN FRANCISCO SPIDERS 14 6 7 0 2 27

1st period

No Goal

Penalties :
Colton Parayko (VIC) for Hooking (Minor) at 0:12, Patrik Nemeth (VIC) for Hooking (Minor) at 9:25

2nd period

1. SAN FRANCISCO SPIDERS , Michael Anderson 1 (Trent Frederic 4, Kirby Dach 6) at 7:04
2. VICTORIA GLADIATORS , Barclay Goodrow 9 (Vincent Trocheck 18, Phil Kessel 10) at 9:05
3. SAN FRANCISCO SPIDERS , Jared McCann 9 (Brenden Dillon 3, Viktor Arvidsson 22) at 10:01

Penalties :
Adam Lowry (VIC) for Holding (Minor) at 4:25, Jordan Staal (SAF) for Interference (Minor) at 11:46, Alex Newhook (VIC) for Cross-checking (Minor) at 12:24

3rd period

4. VICTORIA GLADIATORS , Barclay Goodrow 10 (Vincent Trocheck 19, Phil Kessel 11) at 17:48

Penalties :
Jordan Staal (SAF) for Tripping (Minor) at 5:14, Tomas Nosek (VIC) for Holding Stick (Minor) at 10:28, Calvin De Haan (VIC) for Hooking (Minor) at 13:43

Overtime #1

No Goal

Penalties :
No Penalty

Shootout

VICTORIA GLADIATORS, Vincent Trocheck - Goal!
SAN FRANCISCO SPIDERS, Jared McCann - Stopped by Jake Oettinger
VICTORIA GLADIATORS, Phil Kessel - Goal!
SAN FRANCISCO SPIDERS, Viktor Arvidsson - Stopped by Jake Oettinger

Penalties :
No Penalty

Goalie Stats

Jake Oettinger (VIC), 25 saves from 27 shots - (0,926), W, 19-10-4, 65:00 minutes
Igor Shesterkin (SAF), 25 saves from 27 shots - (0,926), OTL, 16-13-2, 65:00 minutes

Players Stats for VICTORIA GLADIATORS

Player Name              G  A  P  +/- PIM S  H  SB GA TA FO     MP     PP MP  PK MP  
------------------------------------------------------------------------------------
Adam Lowry               0  0  0   0  2   1  5  0  0  0  11/22  18:57   0:00   5:15 
Alex Newhook             0  0  0   0  2   2  0  0  0  0  0/0     9:02   1:37   1:08 
Anton Stralman           0  0  0  -1  0   0  1  2  0  0  0/0    21:47   0:00   0:14 
Barclay Goodrow          2  0  2   0  0   6  2  0  0  0  2/5    19:42   1:00   0:00 
Calvin De Haan           0  0  0   0  2   0  3  1  0  0  0/0    20:40   0:00   4:32 
Colton Parayko           0  0  0  -1  2   0  1  2  0  0  0/0    25:59   1:38   2:01 
Jamie Drysdale           0  0  0   1  0   0  0  0  0  0  0/0    16:58   0:59   4:45 
Johan Larsson            0  0  0   0  0   5  0  0  0  0  5/7    11:44   0:00   3:44 
Justin Holl              0  0  0   0  0   0  0  0  0  0  0/0    22:03   0:00   5:54 
Juuso Parssinen          0  0  0   0  0   3  0  0  0  0  1/1    15:05   1:00   0:00 
Kasperi Kapanen          0  0  0   0  0   0  1  0  0  0  1/3    15:20   1:37   0:00 
Kevin Rooney             0  0  0   0  0   1  0  0  0  0  5/12   13:41   0:00   3:44 
Nils Hoglander           0  0  0   0  0   0  0  0  0  0  0/2    16:21   0:00   6:24 
Patrik Nemeth            0  0  0   1  2   0  2  1  0  0  0/0    15:52   0:59   3:40 
Phil Kessel              0  2  2   0  0   5  0  0  0  0  2/2    20:43   1:37   0:00 
Tomas Nosek              0  0  0   0  2   1  1  0  0  0  0/0     6:16   0:00   0:00 
Tyler Toffoli            0  0  0   0  0   1  1  0  0  0  0/2    11:48   1:00   0:51 
Vincent Trocheck         0  2  2   0  0   2  0  2  0  0  11/25  21:02   1:37   0:00 

Players Stats for SAN FRANCISCO SPIDERS

Player Name              G  A  P  +/- PIM S  H  SB GA TA FO     MP     PP MP  PK MP  
------------------------------------------------------------------------------------
Alexander True           0  0  0   0  0   0  2  0  0  0  3/6     7:57   0:00   0:00 
Andrei Svechnikov        0  0  0   0  0   3  2  0  0  0  1/3    24:09   5:22   1:09 
Brenden Dillon           0  1  1   1  0   1  2  0  0  0  0/0    24:16   6:17   1:09 
Darnell Nurse            0  0  0   1  0   0  2  0  0  0  0/0    24:32   4:16   1:28 
Eeli Tolvanen            0  0  0   0  0   0  0  0  0  0  0/0     7:57   0:00   0:00 
Erik Gudbranson          0  0  0   0  0   0  0  0  0  0  0/0    19:47   3:28   1:09 
Jared McCann             1  0  1  -1  0   4  0  0  0  0  10/22  21:06   5:11   1:28 
Jordan Staal             0  0  0   0  4   2  0  0  0  0  14/18  14:51   0:00   0:00 
Justin Brazeau           0  0  0   0  0   1  0  0  0  0  0/0     7:57   0:00   0:00 
Kirby Dach               0  1  1   1  0   0  0  0  0  0  0/0     9:55   0:00   0:00 
Mark Stone               0  0  0   0  0   1  1  0  0  0  0/0    18:52   5:11   0:00 
Michael Anderson         1  0  1   0  0   1  1  1  0  0  0/0    18:01   0:48   1:28 
Sean Durzi               0  0  0  -1  0   1  0  0  0  0  0/0    23:39   6:17   0:00 
Trent Frederic           0  1  1   1  0   0  2  0  0  0  9/18   12:17   0:00   0:00 
Trevor Moore             0  0  0   1  0   6  0  0  0  0  1/1    16:57   5:22   1:09 
Trevor van Riemsdyk      0  0  0  -1  0   0  1  0  0  0  0/0    14:45   0:00   0:00 
Viktor Arvidsson         0  1  1  -1  0   3  1  0  0  0  0/1    21:59   5:11   0:00 
Zach Hyman               0  0  0  -1  0   4  0  0  0  0  5/12   22:03   5:22   1:28 

3 Stars

1 - Barclay Goodrow (VIC)
2 - Vincent Trocheck (VIC)
3 - Phil Kessel (VIC)

Power Play

VICTORIA GLADIATORS - 0 on 2 Attempt(s) - 0,00%
SAN FRANCISCO SPIDERS - 0 on 6 Attempt(s) - 0,00%

Penalty Kill

VICTORIA GLADIATORS - 6 on 6 Attempt(s) - 100,00% - Score 0 goal in Penalty Kill
SAN FRANCISCO SPIDERS - 2 on 2 Attempt(s) - 100,00% - Score 0 goal in Penalty Kill

Team Stat

VICTORIA GLADIATORS - Hits : 17 - Faceoff Wins : 38 - Blocked Shots : 8 - Penalty Minutes : 12
SAN FRANCISCO SPIDERS - Hits : 14 - Faceoff Wins : 43 - Blocked Shots : 1 - Penalty Minutes : 4

Official

Referees : Ryan Hersey and Mike Sheehan
Linesman : Glen Cooke and Ryan Daisy

Game Notes

Mark Stone is injured at 17:13 of 3rd period (Bruised Right Leg)

Finance

Level 1 -- Attendance: 6052 (99,13%) -- Ticket Income 907 800 $
Level 2 -- Attendance: 5128 (99,00%) -- Ticket Income 512 800 $
Level 3 -- Attendance: 2035 (100,00%) -- Ticket Income 162 800 $
Level 4 -- Attendance: 3949 (94,47%) -- Ticket Income 236 940 $
Luxury Box -- Attendance: 878 (87,80%) -- Ticket Income 263 400 $
Game was played at the Bay Area Sports Center.
Total Attendance: 18042 (97,52%)
Total Ticket Income: 2 083 740 $
Other Expense: 20 837 $
Total Income: 2 062 903 $

VICTORIA GLADIATORS

5 vs 5 Forward 
   Center                   Left Wing                Right Wing               Time % Phy DF OF 
 1 Vincent Trocheck         Barclay Goodrow          Phil Kessel              36     0   2  3  
 2 Adam Lowry               Juuso Parssinen          Kasperi Kapanen          33     0   3  2  
 3 Kevin Rooney             Tyler Toffoli            Nils Hoglander           24     1   2  2  
 4 Johan Larsson            Alex Newhook             Tomas Nosek              7      0   4  1  

5 vs 5 Defense 
   Defense                  Defense                                           Time % Phy DF OF 
 1 Colton Parayko           Anton Stralman                                    40     0   3  2  
 2 Justin Holl              Calvin De Haan                                    35     0   3  2  
 3 Jamie Drysdale           Patrik Nemeth                                     25     1   2  2  
 4 Colton Parayko           Anton Stralman                                    0      1   2  2  

PowerPlay Forward 
   Center                   Left Wing                Right Wing               Time % Phy DF OF 
 1 Vincent Trocheck         Kasperi Kapanen          Phil Kessel              55     0   0  5  
 2 Barclay Goodrow          Juuso Parssinen          Tyler Toffoli            45     0   0  5  

PowerPlay Defense
   Defense                  Defense                                           Time % Phy DF OF 
 1 Colton Parayko           Alex Newhook                                      55     0   1  4  
 2 Jamie Drysdale           Patrik Nemeth                                     45     0   1  4  

Penalty Kill 4 Players Forward 
   Center                   Wing                     Time % Phy DF OF 
 1 Adam Lowry               Nils Hoglander           55     0   5  0  
 2 Kevin Rooney             Johan Larsson            45     0   5  0  

Penalty Kill 4 Players Defense
   Defense                  Defense                  Time % Phy DF OF 
 1 Justin Holl              Calvin De Haan           55     0   5  0  
 2 Jamie Drysdale           Patrik Nemeth            45     0   5  0  

Penalty Kill - 3 Players Forward 
   Forward                                           Time % Phy DF OF 
 1 Adam Lowry                                        55     0   5  0  
 2 Kevin Rooney                                      45     0   5  0  

Penalty Kill - 3 Players Defense
   Defense                  Defense                  Time % Phy DF OF 
 1 Justin Holl              Anton Stralman           55     0   5  0  
 2 Colton Parayko           Anton Stralman           45     0   5  0  

4 vs 4 Forward 
   Center                   Wing                     Time % Phy DF OF 
 1 Vincent Trocheck         Phil Kessel              52     1   2  2  
 2 Barclay Goodrow          Juuso Parssinen          48     1   2  2  

4 vs 4 Defense
   Defense                  Defense                  Time % Phy DF OF 
 1 Jamie Drysdale           Patrik Nemeth            52     1   2  2  
 2 Colton Parayko           Anton Stralman           48     1   2  2  

Last Minutes Offensive
   Center                   Left Wing                Right Wing               Defense                  Defense                  
   Vincent Trocheck         Barclay Goodrow          Phil Kessel              Colton Parayko           Anton Stralman           

Last Minutes Defensive
   Center                   Left Wing                Right Wing               Defense                  Defense                  
   Adam Lowry               Johan Larsson            Nils Hoglander           Justin Holl              Calvin De Haan           

Goaltenders
Starting : Jake Oettinger           
Backup : Mike Smith               

Extra Forwards
Normal : Juuso Parssinen, Alex Newhook, Kasperi Kapanen - PP : Nils Hoglander, Kevin Rooney - PK : Tyler Toffoli
Extra Defensemen
Normal : Calvin De Haan, Jamie Drysdale, Justin Holl - PP : Calvin De Haan - PK : Jamie Drysdale, Justin Holl
Penalty Shots
Vincent Trocheck, Phil Kessel, Barclay Goodrow, Johan Larsson, Adam Lowry
Custom OT Lines Forwards
Vincent Trocheck, Phil Kessel, Barclay Goodrow, Johan Larsson, Adam Lowry, Kasperi Kapanen, Juuso Parssinen, Tomas Nosek, Alex Newhook, Kevin Rooney
Custom OT Lines Defensemen
Colton Parayko, Anton Stralman, Justin Holl, Calvin De Haan, Patrik Nemeth

Scratches
Victor Rask (Healthy), Charlie Lindgren (Broken Left Index Finger Injury)

SAN FRANCISCO SPIDERS

5 vs 5 Forward 
   Center                   Left Wing                Right Wing               Time % Phy DF OF 
 1 Jordan Staal             Andrei Svechnikov        Mark Stone               38     0   1  4  
 2 Jared McCann             Zach Hyman               Viktor Arvidsson         37     0   1  4  
 3 Trent Frederic           Kirby Dach               Trevor Moore             20     0   4  1  
 4 Alexander True           Eeli Tolvanen            Justin Brazeau           5      0   4  1  

5 vs 5 Defense 
   Defense                  Defense                                           Time % Phy DF OF 
 1 Darnell Nurse            Brenden Dillon                                    40     0   4  1  
 2 Trevor van Riemsdyk      Sean Durzi                                        35     0   4  1  
 3 Michael Anderson         Erik Gudbranson                                   25     0   5  0  
 4 Michael Anderson         Erik Gudbranson                                   0      0   4  1  

PowerPlay Forward 
   Center                   Left Wing                Right Wing               Time % Phy DF OF 
 1 Jared McCann             Viktor Arvidsson         Mark Stone               50     0   1  4  
 2 Zach Hyman               Andrei Svechnikov        Trevor Moore             50     0   1  4  

PowerPlay Defense
   Defense                  Defense                                           Time % Phy DF OF 
 1 Erik Gudbranson          Darnell Nurse                                     50     0   3  2  
 2 Brenden Dillon           Sean Durzi                                        50     0   3  2  

Penalty Kill 4 Players Forward 
   Center                   Wing                     Time % Phy DF OF 
 1 Zach Hyman               Jared McCann             50     0   5  0  
 2 Andrei Svechnikov        Trevor Moore             50     0   5  0  

Penalty Kill 4 Players Defense
   Defense                  Defense                  Time % Phy DF OF 
 1 Darnell Nurse            Michael Anderson         50     0   5  0  
 2 Brenden Dillon           Erik Gudbranson          50     0   5  0  

Penalty Kill - 3 Players Forward 
   Forward                                           Time % Phy DF OF 
 1 Andrei Svechnikov                                 55     0   5  0  
 2 Trevor Moore                                      45     0   5  0  

Penalty Kill - 3 Players Defense
   Defense                  Defense                  Time % Phy DF OF 
 1 Darnell Nurse            Sean Durzi               50     0   5  0  
 2 Brenden Dillon           Erik Gudbranson          50     0   5  0  

4 vs 4 Forward 
   Center                   Wing                     Time % Phy DF OF 
 1 Jared McCann             Zach Hyman               55     0   2  3  
 2 Andrei Svechnikov        Viktor Arvidsson         45     0   2  3  

4 vs 4 Defense
   Defense                  Defense                  Time % Phy DF OF 
 1 Michael Anderson         Darnell Nurse            55     0   4  1  
 2 Brenden Dillon           Erik Gudbranson          45     0   4  1  

Last Minutes Offensive
   Center                   Left Wing                Right Wing               Defense                  Defense                  
   Mark Stone               Viktor Arvidsson         Andrei Svechnikov        Darnell Nurse            Trevor van Riemsdyk      

Last Minutes Defensive
   Center                   Left Wing                Right Wing               Defense                  Defense                  
   Mark Stone               Viktor Arvidsson         Andrei Svechnikov        Darnell Nurse            Trevor van Riemsdyk      

Goaltenders
Starting : Igor Shesterkin          
Backup : Scott Wedgewood          

Extra Forwards
Normal : Jared McCann, Andrei Svechnikov, Kirby Dach - PP : Jared McCann, Andrei Svechnikov - PK : Kirby Dach
Extra Defensemen
Normal : Erik Gudbranson, Sean Durzi, Brenden Dillon - PP : Michael Anderson - PK : Erik Gudbranson, Brenden Dillon
Penalty Shots
Jared McCann, Viktor Arvidsson, Andrei Svechnikov, Mark Stone, Zach Hyman
Custom OT Lines Forwards
Trent Frederic, Viktor Arvidsson, Andrei Svechnikov, Mark Stone, Zach Hyman, Trevor Moore, Jared McCann, Jordan Staal, Kirby Dach, Eeli Tolvanen
Custom OT Lines Defensemen
Sean Durzi, Darnell Nurse, Brenden Dillon, Erik Gudbranson, Michael Anderson

Scratches
Bo Horvat (Groin Injury)

% Time on Ice - VICTORIA GLADIATORS

Lines # - Real PCT - Wanted PCT - Time Play
Normal Forward
1 - 34% - 36% - 15:32
2 - 30% - 33% - 13:43
3 - 22% - 24% - 9:57
4 - 14% - 7% - 6:17
Normal Defense
1 - 41% - 40% - 18:28
2 - 36% - 35% - 16:09
3 - 24% - 25% - 10:52
4 - 0% - 0% - 0:00
PP Forward
1 - 62% - 55% - 1:37
2 - 38% - 45% - 1:00
PP Defense
1 - 62% - 55% - 1:38
2 - 38% - 45% - 0:59
PK Forward
1 - 65% - 55% - 6:49
2 - 35% - 45% - 3:44
PK Defense
1 - 56% - 55% - 5:54
2 - 44% - 45% - 4:39
PK3 Forward
1 - 0% - 55%
2 - 0% - 45%
PK3 Defense
1 - 0% - 55%
2 - 0% - 45%
44 Forward
1 - 73% - 52% - 0:59
2 - 27% - 48% - 0:22
44 Defense
1 - 27% - 52% - 0:22
2 - 73% - 48% - 0:59
Last Minute Offensive  - 0:00
Last Minute Defensive  - 0:00
Total
Forward - 60:00
Defense - 60:00

% Time on Ice - SAN FRANCISCO SPIDERS

Lines # - Real PCT - Wanted PCT - Time Play
Normal Forward
1 - 33% - 38% - 14:53
2 - 28% - 37% - 12:53
3 - 21% - 20% - 9:46
4 - 17% - 5% - 7:57
Normal Defense
1 - 35% - 40% - 15:49
2 - 32% - 35% - 14:45
3 - 31% - 25% - 14:11
4 - 2% - 0% - 0:44
PP Forward
1 - 49% - 50% - 5:11
2 - 51% - 50% - 5:22
PP Defense
1 - 40% - 50% - 4:16
2 - 60% - 50% - 6:17
PK Forward
1 - 56% - 50% - 1:28
2 - 44% - 50% - 1:09
PK Defense
1 - 56% - 50% - 1:28
2 - 44% - 50% - 1:09
PK3 Forward
1 - 0% - 55%
2 - 0% - 45%
PK3 Defense
1 - 0% - 50%
2 - 0% - 50%
44 Forward
1 - 38% - 55% - 0:31
2 - 62% - 45% - 0:50
44 Defense
1 - 62% - 55% - 0:50
2 - 38% - 45% - 0:31
Last Minute Offensive  - 0:00
Last Minute Defensive  - 0:00
Total
Forward - 60:00
Defense - 60:00

Play-by-Play

1st period


0:01 of 1st period - Jordan Staal wins face-off versus Vincent Trocheck in neutral zone.
0:11 of 1st period - Shot by Mark Stone.
0:11 of 1st period - Shot Blocked by Vincent Trocheck.
0:12 of 1st period - Minor Penalty to Colton Parayko for Hooking.
0:13 of 1st period - Adam Lowry wins face-off versus Jared McCann in VICTORIA GLADIATORS zone.
0:50 of 1st period - Shot by Jared McCann.
0:50 of 1st period - Stopped by Jake Oettinger without a rebound.
0:51 of 1st period - Kevin Rooney wins face-off versus Zach Hyman in VICTORIA GLADIATORS zone.
1:19 of 1st period - Zach Hyman is hit by Patrik Nemeth and loses puck.
3:36 of 1st period - Shot by Jared McCann.
3:36 of 1st period - Stopped by Jake Oettinger with a rebound.
3:38 of 1st period - Shot by Jared McCann.
3:38 of 1st period - Shot Misses the Net.
3:40 of 1st period - Shot by Darnell Nurse.
3:40 of 1st period - Shot Misses the Net.
3:55 of 1st period - Shot by Viktor Arvidsson.
3:55 of 1st period - Stopped by Jake Oettinger without a rebound.
3:56 of 1st period - Trent Frederic wins face-off versus Adam Lowry in VICTORIA GLADIATORS zone.
4:23 of 1st period - Calvin De Haan is hit by Trent Frederic and loses puck.
5:00 of 1st period - Darnell Nurse is hit by Adam Lowry and loses puck.
5:34 of 1st period - Shot by Jordan Staal.
5:34 of 1st period - Deflect By Mark Stone.
5:34 of 1st period - Shot Misses the Net.
6:00 of 1st period - Shot by Mark Stone.
6:00 of 1st period - Shot Misses the Net.
6:47 of 1st period - Icing by Justin Brazeau.
6:48 of 1st period - Alexander True wins face-off versus Vincent Trocheck in SAN FRANCISCO SPIDERS zone.
7:18 of 1st period - Shot by Zach Hyman.
7:18 of 1st period - Stopped by Jake Oettinger without a rebound.
7:19 of 1st period - Adam Lowry wins face-off versus Jared McCann in VICTORIA GLADIATORS zone.
7:27 of 1st period - Adam Lowry is hit by Brenden Dillon and loses puck.
7:41 of 1st period - Off-side.
7:42 of 1st period - Johan Larsson wins face-off versus Jordan Staal in neutral zone.
8:15 of 1st period - Shot by Alex Newhook.
8:15 of 1st period - Stopped by Igor Shesterkin without a rebound.
8:16 of 1st period - Adam Lowry wins face-off versus Jared McCann in SAN FRANCISCO SPIDERS zone.
8:41 of 1st period - Shot by Adam Lowry.
8:41 of 1st period - Deflect By Juuso Parssinen.
8:41 of 1st period - Stopped by Igor Shesterkin without a rebound.
8:42 of 1st period - Vincent Trocheck wins face-off versus Trent Frederic in SAN FRANCISCO SPIDERS zone.
9:25 of 1st period - Minor Penalty to Patrik Nemeth for Hooking.
9:26 of 1st period - Adam Lowry wins face-off versus Jared McCann in VICTORIA GLADIATORS zone.
9:40 of 1st period - Shot by Brenden Dillon.
9:40 of 1st period - Stopped by Jake Oettinger without a rebound.
9:41 of 1st period - Adam Lowry wins face-off versus Jared McCann in VICTORIA GLADIATORS zone.
9:41 of 1st period - Adam Lowry is hit by Mark Stone.
11:51 of 1st period - Shot by Vincent Trocheck.
11:51 of 1st period - Shot Misses the Net.
12:08 of 1st period - Icing by Trevor van Riemsdyk.
12:09 of 1st period - Adam Lowry wins face-off versus Alexander True in SAN FRANCISCO SPIDERS zone.
13:37 of 1st period - Shot by Andrei Svechnikov.
13:37 of 1st period - Stopped by Jake Oettinger without a rebound.
13:38 of 1st period - Kevin Rooney wins face-off versus Jared McCann in VICTORIA GLADIATORS zone.
14:02 of 1st period - Shot by Zach Hyman.
14:02 of 1st period - Stopped by Jake Oettinger without a rebound.
14:03 of 1st period - Trent Frederic wins face-off versus Vincent Trocheck in VICTORIA GLADIATORS zone.
15:18 of 1st period - Juuso Parssinen is hit by Viktor Arvidsson and loses puck.
15:31 of 1st period - Shot by Zach Hyman.
15:31 of 1st period - Shot Blocked by Colton Parayko.
15:33 of 1st period - Shot by Zach Hyman.
15:33 of 1st period - Shot Blocked by Anton Stralman.
15:47 of 1st period - Shot by Zach Hyman.
15:47 of 1st period - Shot Misses the Net.
15:49 of 1st period - Shot by Erik Gudbranson.
15:49 of 1st period - Shot Misses the Net.
15:51 of 1st period - Shot by Viktor Arvidsson.
15:51 of 1st period - Stopped by Jake Oettinger without a rebound.
15:52 of 1st period - Jordan Staal wins face-off versus Kevin Rooney in VICTORIA GLADIATORS zone.
16:05 of 1st period - Shot by Andrei Svechnikov.
16:05 of 1st period - Stopped by Jake Oettinger without a rebound.
16:06 of 1st period - Jordan Staal wins face-off versus Vincent Trocheck in VICTORIA GLADIATORS zone.
16:30 of 1st period - Barclay Goodrow is hit by Trevor van Riemsdyk and loses puck.
17:11 of 1st period - Shot by Tyler Toffoli.
17:11 of 1st period - Stopped by Igor Shesterkin without a rebound.
17:12 of 1st period - Adam Lowry wins face-off versus Jared McCann in SAN FRANCISCO SPIDERS zone.
17:39 of 1st period - Shot by Zach Hyman.
17:39 of 1st period - Stopped by Jake Oettinger without a rebound.
17:40 of 1st period - Trent Frederic wins face-off versus Kevin Rooney in VICTORIA GLADIATORS zone.
17:43 of 1st period - Shot by Trevor Moore.
17:43 of 1st period - Shot Misses the Net.
17:45 of 1st period - Shot by Trevor Moore.
17:45 of 1st period - Stopped by Jake Oettinger without a rebound.
17:46 of 1st period - Trent Frederic wins face-off versus Kevin Rooney in VICTORIA GLADIATORS zone.
17:47 of 1st period - Shot by Trevor Moore.
17:47 of 1st period - Stopped by Jake Oettinger without a rebound.
17:48 of 1st period - Jared McCann wins face-off versus Kevin Rooney in VICTORIA GLADIATORS zone.
17:51 of 1st period - Shot by Zach Hyman.
17:51 of 1st period - Shot Blocked by Colton Parayko.
17:53 of 1st period - Shot by Zach Hyman.
17:53 of 1st period - Stopped by Jake Oettinger without a rebound.
17:54 of 1st period - Jared McCann wins face-off versus Adam Lowry in VICTORIA GLADIATORS zone.
18:21 of 1st period - Shot by Kasperi Kapanen.
18:21 of 1st period - Shot Misses the Net.
18:39 of 1st period - Shot by Jared McCann.
18:39 of 1st period - Shot Blocked by Anton Stralman.
19:29 of 1st period - Shot by Andrei Svechnikov.
19:29 of 1st period - Shot Misses the Net.
19:31 of 1st period - Shot by Jordan Staal.
19:31 of 1st period - Stopped by Jake Oettinger without a rebound.
19:32 of 1st period - Trent Frederic wins face-off versus Vincent Trocheck in VICTORIA GLADIATORS zone.
19:46 of 1st period - Shot by Trevor Moore.
19:46 of 1st period - Shot Blocked by Vincent Trocheck.
Goals for this period are 0 for VICTORIA GLADIATORS vs 0 for SAN FRANCISCO SPIDERS.
Shots for this period are 3 for VICTORIA GLADIATORS vs 14 for SAN FRANCISCO SPIDERS.

2nd period


0:01 of 2nd period - Jordan Staal wins face-off versus Tyler Toffoli in neutral zone.
0:12 of 2nd period - Shot by Mark Stone.
0:12 of 2nd period - Stopped by Jake Oettinger without a rebound.
0:13 of 2nd period - Jared McCann wins face-off versus Adam Lowry in VICTORIA GLADIATORS zone.
0:32 of 2nd period - Shot by Kasperi Kapanen.
0:32 of 2nd period - Deflect By Adam Lowry.
0:32 of 2nd period - Stopped by Igor Shesterkin without a rebound.
0:33 of 2nd period - Kevin Rooney wins face-off versus Jordan Staal in SAN FRANCISCO SPIDERS zone.
2:22 of 2nd period - Icing by Viktor Arvidsson.
2:23 of 2nd period - Jared McCann wins face-off versus Kasperi Kapanen in SAN FRANCISCO SPIDERS zone.
2:58 of 2nd period - Shot by Viktor Arvidsson.
2:58 of 2nd period - Stopped by Jake Oettinger without a rebound.
2:59 of 2nd period - Johan Larsson wins face-off versus Trent Frederic in VICTORIA GLADIATORS zone.
3:54 of 2nd period - Icing by Michael Anderson.
3:55 of 2nd period - Vincent Trocheck wins face-off versus Trent Frederic in SAN FRANCISCO SPIDERS zone.
4:10 of 2nd period - Shot by Barclay Goodrow.
4:10 of 2nd period - Stopped by Igor Shesterkin without a rebound.
4:11 of 2nd period - Juuso Parssinen wins face-off versus Jared McCann in SAN FRANCISCO SPIDERS zone.
4:25 of 2nd period - Minor Penalty to Adam Lowry for Holding.
4:26 of 2nd period - Jared McCann wins face-off versus Tyler Toffoli in VICTORIA GLADIATORS zone.
6:29 of 2nd period - Shot by Eeli Tolvanen.
6:29 of 2nd period - Shot Misses the Net.
6:40 of 2nd period - Icing by Anton Stralman.
6:41 of 2nd period - Phil Kessel wins face-off versus Trent Frederic in VICTORIA GLADIATORS zone.
7:02 of 2nd period - Shot by Trent Frederic.
7:02 of 2nd period - Shot Misses the Net.
7:04 of 2nd period - Shot by Michael Anderson.
7:04 of 2nd period - Goal by Michael Anderson - VICTORIA GLADIATORS : 0 - SAN FRANCISCO SPIDERS : 1.
7:05 of 2nd period - Alexander True wins face-off versus Adam Lowry in neutral zone.
7:05 of 2nd period - Trevor van Riemsdyk is hit by Kasperi Kapanen and loses puck.
7:23 of 2nd period - Eeli Tolvanen is hit by Calvin De Haan and loses puck.
8:30 of 2nd period - Shot by Jordan Staal.
8:30 of 2nd period - Stopped by Jake Oettinger with a rebound.
9:01 of 2nd period - Shot by Phil Kessel.
9:01 of 2nd period - Stopped by Igor Shesterkin with a rebound.
9:03 of 2nd period - Shot by Vincent Trocheck.
9:03 of 2nd period - Shot Misses the Net.
9:05 of 2nd period - Shot by Barclay Goodrow.
9:05 of 2nd period - Goal by Barclay Goodrow - VICTORIA GLADIATORS : 1 - SAN FRANCISCO SPIDERS : 1.
9:06 of 2nd period - Johan Larsson wins face-off versus Trent Frederic in neutral zone.
9:23 of 2nd period - Shot by Tomas Nosek.
9:23 of 2nd period - Stopped by Igor Shesterkin without a rebound.
9:24 of 2nd period - Vincent Trocheck wins face-off versus Jared McCann in SAN FRANCISCO SPIDERS zone.
9:26 of 2nd period - Barclay Goodrow is hit by Brenden Dillon and loses puck.
9:51 of 2nd period - Shot by Zach Hyman.
9:51 of 2nd period - Shot Misses the Net.
9:53 of 2nd period - Shot by Jared McCann.
9:53 of 2nd period - Shot Blocked by Patrik Nemeth.
9:55 of 2nd period - Shot by Viktor Arvidsson.
9:55 of 2nd period - Shot Misses the Net.
9:57 of 2nd period - Shot by Brenden Dillon.
9:57 of 2nd period - Shot Misses the Net.
9:59 of 2nd period - Shot by Brenden Dillon.
9:59 of 2nd period - Shot Misses the Net.
10:01 of 2nd period - Shot by Jared McCann.
10:01 of 2nd period - Goal by Jared McCann - VICTORIA GLADIATORS : 1 - SAN FRANCISCO SPIDERS : 2.
10:02 of 2nd period - Jordan Staal wins face-off versus Adam Lowry in neutral zone.
10:15 of 2nd period - Off-side.
10:16 of 2nd period - Kevin Rooney wins face-off versus Trent Frederic in neutral zone.
10:18 of 2nd period - Tyler Toffoli is hit by Trent Frederic and loses puck.
10:41 of 2nd period - Kevin Rooney is hit by Michael Anderson and loses puck.
11:11 of 2nd period - Icing by Trevor Moore.
11:12 of 2nd period - Trent Frederic wins face-off versus Adam Lowry in SAN FRANCISCO SPIDERS zone.
11:12 of 2nd period - Trent Frederic is hit by Adam Lowry.
11:23 of 2nd period - Icing by Colton Parayko.
11:24 of 2nd period - Kasperi Kapanen wins face-off versus Jordan Staal in VICTORIA GLADIATORS zone.
11:36 of 2nd period - Icing by Brenden Dillon.
11:37 of 2nd period - Jordan Staal wins face-off versus Vincent Trocheck in SAN FRANCISCO SPIDERS zone.
11:46 of 2nd period - Minor Penalty to Jordan Staal for Interference.
11:47 of 2nd period - Phil Kessel wins face-off versus Zach Hyman in SAN FRANCISCO SPIDERS zone.
12:00 of 2nd period - Vincent Trocheck is hit by Darnell Nurse and loses puck.
12:21 of 2nd period - Shot by Trevor Moore.
12:21 of 2nd period - Shot Misses the Net.
12:24 of 2nd period - Minor Penalty to Alex Newhook for Cross-checking.
12:25 of 2nd period - Barclay Goodrow wins face-off versus Jared McCann in VICTORIA GLADIATORS zone.
12:46 of 2nd period - Shot by Juuso Parssinen.
12:46 of 2nd period - Stopped by Igor Shesterkin without a rebound.
12:47 of 2nd period - Vincent Trocheck wins face-off versus Andrei Svechnikov in SAN FRANCISCO SPIDERS zone.
13:52 of 2nd period - Shot by Zach Hyman.
13:52 of 2nd period - Shot Blocked by Calvin De Haan.
14:26 of 2nd period - Trevor van Riemsdyk is hit by Patrik Nemeth and loses puck.
14:50 of 2nd period - Shot by Johan Larsson.
14:50 of 2nd period - Deflect By Alex Newhook.
14:50 of 2nd period - Stopped by Igor Shesterkin without a rebound.
14:51 of 2nd period - Adam Lowry wins face-off versus Trent Frederic in SAN FRANCISCO SPIDERS zone.
15:08 of 2nd period - Shot by Juuso Parssinen.
15:08 of 2nd period - Stopped by Igor Shesterkin without a rebound.
15:09 of 2nd period - Jared McCann wins face-off versus Kevin Rooney in SAN FRANCISCO SPIDERS zone.
15:09 of 2nd period - Zach Hyman is hit by Tyler Toffoli and loses puck.
16:34 of 2nd period - Shot by Phil Kessel.
16:34 of 2nd period - Stopped by Igor Shesterkin with a rebound.
16:38 of 2nd period - Shot by Barclay Goodrow.
16:38 of 2nd period - Stopped by Igor Shesterkin with a rebound.
16:56 of 2nd period - Shot by Phil Kessel.
16:56 of 2nd period - Stopped by Igor Shesterkin without a rebound.
16:57 of 2nd period - Jordan Staal wins face-off versus Adam Lowry in SAN FRANCISCO SPIDERS zone.
16:57 of 2nd period - Jordan Staal is hit by Adam Lowry.
17:21 of 2nd period - Patrik Nemeth is hit by Andrei Svechnikov and loses puck.
17:26 of 2nd period - Shot by Andrei Svechnikov.
17:26 of 2nd period - Shot Misses the Net.
17:28 of 2nd period - Shot by Andrei Svechnikov.
17:28 of 2nd period - Shot Misses the Net.
18:23 of 2nd period - Shot by Johan Larsson.
18:23 of 2nd period - Stopped by Igor Shesterkin without a rebound.
18:24 of 2nd period - Vincent Trocheck wins face-off versus Alexander True in SAN FRANCISCO SPIDERS zone.
18:42 of 2nd period - Shot by Barclay Goodrow.
18:42 of 2nd period - Shot Hit the Post.
18:54 of 2nd period - Shot by Eeli Tolvanen.
18:54 of 2nd period - Deflect By Justin Brazeau.
18:54 of 2nd period - Stopped by Jake Oettinger without a rebound.
18:55 of 2nd period - Kevin Rooney wins face-off versus Andrei Svechnikov in VICTORIA GLADIATORS zone.
19:14 of 2nd period - Icing by Colton Parayko.
19:15 of 2nd period - Jared McCann wins face-off versus Nils Hoglander in VICTORIA GLADIATORS zone.
19:38 of 2nd period - Shot by Kevin Rooney.
19:38 of 2nd period - Stopped by Igor Shesterkin without a rebound.
19:39 of 2nd period - Jordan Staal wins face-off versus Vincent Trocheck in SAN FRANCISCO SPIDERS zone.
19:41 of 2nd period - Icing by Mark Stone.
19:42 of 2nd period - Jordan Staal wins face-off versus Vincent Trocheck in SAN FRANCISCO SPIDERS zone.
Goals for this period are 1 for VICTORIA GLADIATORS vs 2 for SAN FRANCISCO SPIDERS.
Shots for this period are 13 for VICTORIA GLADIATORS vs 6 for SAN FRANCISCO SPIDERS.

3rd period


0:01 of 3rd period - Jordan Staal wins face-off versus Adam Lowry in neutral zone.
0:13 of 3rd period - Andrei Svechnikov is hit by Adam Lowry and loses puck.
1:19 of 3rd period - Mark Stone is hit by Barclay Goodrow and loses puck.
1:26 of 3rd period - Shot by Vincent Trocheck.
1:26 of 3rd period - Shot Misses the Net.
2:08 of 3rd period - Shot by Viktor Arvidsson.
2:08 of 3rd period - Shot Misses the Net.
2:52 of 3rd period - Icing by Erik Gudbranson.
2:53 of 3rd period - Trent Frederic wins face-off versus Kasperi Kapanen in SAN FRANCISCO SPIDERS zone.
2:53 of 3rd period - Trent Frederic is hit by Adam Lowry.
3:04 of 3rd period - Trevor Moore is hit by Calvin De Haan and loses puck.
3:13 of 3rd period - Shot by Trevor Moore.
3:13 of 3rd period - Stopped by Jake Oettinger without a rebound.
3:14 of 3rd period - Alexander True wins face-off versus Vincent Trocheck in VICTORIA GLADIATORS zone.
3:20 of 3rd period - Icing by Colton Parayko.
3:21 of 3rd period - Jared McCann wins face-off versus Vincent Trocheck in VICTORIA GLADIATORS zone.
3:42 of 3rd period - Shot by Jared McCann.
3:42 of 3rd period - Shot Hit the Post.
4:38 of 3rd period - Shot by Kirby Dach.
4:38 of 3rd period - Shot Misses the Net.
4:45 of 3rd period - Trevor Moore is hit by Calvin De Haan and loses puck.
4:50 of 3rd period - Shot by Trevor Moore.
4:50 of 3rd period - Stopped by Jake Oettinger without a rebound.
4:51 of 3rd period - Jordan Staal wins face-off versus Kevin Rooney in VICTORIA GLADIATORS zone.
5:14 of 3rd period - Minor Penalty to Jordan Staal for Tripping.
5:15 of 3rd period - Zach Hyman wins face-off versus Barclay Goodrow in SAN FRANCISCO SPIDERS zone.
5:29 of 3rd period - Shot by Alex Newhook.
5:29 of 3rd period - Shot Misses the Net.
9:41 of 3rd period - Icing by Mark Stone.
9:42 of 3rd period - Andrei Svechnikov wins face-off versus Vincent Trocheck in SAN FRANCISCO SPIDERS zone.
9:46 of 3rd period - Icing by Jordan Staal.
9:47 of 3rd period - Jordan Staal wins face-off versus Vincent Trocheck in SAN FRANCISCO SPIDERS zone.
9:47 of 3rd period - Mark Stone is hit by Barclay Goodrow and loses puck.
9:59 of 3rd period - Shot by Vincent Trocheck.
9:59 of 3rd period - Shot Misses the Net.
10:05 of 3rd period - Shot by Phil Kessel.
10:05 of 3rd period - Deflect By Vincent Trocheck.
10:05 of 3rd period - Stopped by Igor Shesterkin without a rebound.
10:06 of 3rd period - Jared McCann wins face-off versus Johan Larsson in SAN FRANCISCO SPIDERS zone.
10:18 of 3rd period - Viktor Arvidsson is hit by Anton Stralman and loses puck.
10:28 of 3rd period - Minor Penalty to Tomas Nosek for Holding Stick.
10:29 of 3rd period - Zach Hyman wins face-off versus Nils Hoglander in VICTORIA GLADIATORS zone.
10:46 of 3rd period - Shot by Andrei Svechnikov.
10:46 of 3rd period - Shot Misses the Net.
10:48 of 3rd period - Shot by Trevor Moore.
10:48 of 3rd period - Stopped by Jake Oettinger without a rebound.
10:49 of 3rd period - Jared McCann wins face-off versus Johan Larsson in VICTORIA GLADIATORS zone.
11:07 of 3rd period - Nils Hoglander is hit by Darnell Nurse and loses puck.
11:42 of 3rd period - Shot by Andrei Svechnikov.
11:42 of 3rd period - Stopped by Jake Oettinger without a rebound.
11:43 of 3rd period - Adam Lowry wins face-off versus Zach Hyman in VICTORIA GLADIATORS zone.
11:43 of 3rd period - Adam Lowry is hit by Andrei Svechnikov.
11:53 of 3rd period - Shot by Trevor Moore.
11:53 of 3rd period - Stopped by Jake Oettinger without a rebound.
11:54 of 3rd period - Zach Hyman wins face-off versus Adam Lowry in VICTORIA GLADIATORS zone.
13:03 of 3rd period - Colton Parayko is hit by Alexander True and loses puck.
13:27 of 3rd period - Justin Holl is hit by Alexander True and loses puck.
13:43 of 3rd period - Minor Penalty to Calvin De Haan for Hooking.
13:44 of 3rd period - Adam Lowry wins face-off versus Jared McCann in VICTORIA GLADIATORS zone.
13:59 of 3rd period - Shot by Sean Durzi.
13:59 of 3rd period - Stopped by Jake Oettinger without a rebound.
14:00 of 3rd period - Trevor Moore wins face-off versus Kevin Rooney in VICTORIA GLADIATORS zone.
16:08 of 3rd period - Shot by Vincent Trocheck.
16:08 of 3rd period - Shot Misses the Net.
16:10 of 3rd period - Shot by Vincent Trocheck.
16:10 of 3rd period - Shot Misses the Net.
16:12 of 3rd period - Shot by Barclay Goodrow.
16:12 of 3rd period - Stopped by Igor Shesterkin without a rebound.
16:13 of 3rd period - Johan Larsson wins face-off versus Trent Frederic in SAN FRANCISCO SPIDERS zone.
16:34 of 3rd period - Trevor Moore is hit by Tomas Nosek.
17:12 of 3rd period - Mark Stone is hit by Colton Parayko and loses puck.
17:13 of 3rd period - Mark Stone from SAN FRANCISCO SPIDERS is injured at 17:13 of 3rd period (Bruised Right Leg).
17:14 of 3rd period - Vincent Trocheck wins face-off versus Jared McCann in VICTORIA GLADIATORS zone.
17:48 of 3rd period - Shot by Barclay Goodrow.
17:48 of 3rd period - Goal by Barclay Goodrow - VICTORIA GLADIATORS : 2 - SAN FRANCISCO SPIDERS : 2.
17:49 of 3rd period - Adam Lowry wins face-off versus Jordan Staal in neutral zone.
17:57 of 3rd period - Off-side.
17:58 of 3rd period - Jordan Staal wins face-off versus Adam Lowry in neutral zone.
18:03 of 3rd period - Shot by Jared McCann.
18:03 of 3rd period - Stopped by Jake Oettinger without a rebound.
18:04 of 3rd period - Jordan Staal wins face-off versus Adam Lowry in VICTORIA GLADIATORS zone.
19:33 of 3rd period - Off-side.
19:34 of 3rd period - Vincent Trocheck wins face-off versus Alexander True in neutral zone.
19:49 of 3rd period - Shot by Barclay Goodrow.
19:49 of 3rd period - Shot Blocked by Michael Anderson.
Goals for this period are 1 for VICTORIA GLADIATORS vs 0 for SAN FRANCISCO SPIDERS.
Shots for this period are 3 for VICTORIA GLADIATORS vs 7 for SAN FRANCISCO SPIDERS.

Overtime #1


0:01 of 1st overtime period - Vincent Trocheck wins face-off versus Trent Frederic in neutral zone.
1:15 of 1st overtime period - Shot by Phil Kessel.
1:15 of 1st overtime period - Stopped by Igor Shesterkin with a rebound.
1:31 of 1st overtime period - Shot by Johan Larsson.
1:31 of 1st overtime period - Stopped by Igor Shesterkin without a rebound.
1:32 of 1st overtime period - Zach Hyman wins face-off versus Vincent Trocheck in SAN FRANCISCO SPIDERS zone.
1:46 of 1st overtime period - Shot by Vincent Trocheck.
1:46 of 1st overtime period - Shot Misses the Net.
1:48 of 1st overtime period - Shot by Vincent Trocheck.
1:48 of 1st overtime period - Stopped by Igor Shesterkin without a rebound.
1:49 of 1st overtime period - Johan Larsson wins face-off versus Zach Hyman in SAN FRANCISCO SPIDERS zone.
2:00 of 1st overtime period - Shot by Johan Larsson.
2:00 of 1st overtime period - Stopped by Igor Shesterkin without a rebound.
2:01 of 1st overtime period - Vincent Trocheck wins face-off versus Zach Hyman in SAN FRANCISCO SPIDERS zone.
2:48 of 1st overtime period - Shot by Johan Larsson.
2:48 of 1st overtime period - Stopped by Igor Shesterkin without a rebound.
2:49 of 1st overtime period - Barclay Goodrow wins face-off versus Viktor Arvidsson in SAN FRANCISCO SPIDERS zone.
3:28 of 1st overtime period - Shot by Johan Larsson.
3:28 of 1st overtime period - Stopped by Igor Shesterkin without a rebound.
3:29 of 1st overtime period - Trent Frederic wins face-off versus Vincent Trocheck in SAN FRANCISCO SPIDERS zone.
4:04 of 1st overtime period - Shot by Phil Kessel.
4:04 of 1st overtime period - Stopped by Igor Shesterkin without a rebound.
4:05 of 1st overtime period - Zach Hyman wins face-off versus Barclay Goodrow in SAN FRANCISCO SPIDERS zone.
4:09 of 1st overtime period - Icing by Zach Hyman.
4:10 of 1st overtime period - Vincent Trocheck wins face-off versus Zach Hyman in SAN FRANCISCO SPIDERS zone.
4:34 of 1st overtime period - Shot by Barclay Goodrow.
4:34 of 1st overtime period - Stopped by Igor Shesterkin without a rebound.
4:35 of 1st overtime period - Trent Frederic wins face-off versus Barclay Goodrow in SAN FRANCISCO SPIDERS zone.
4:57 of 1st overtime period - Off-side.
4:58 of 1st overtime period - Vincent Trocheck wins face-off versus Zach Hyman in neutral zone.
Goals for this period are 0 for VICTORIA GLADIATORS vs 0 for SAN FRANCISCO SPIDERS.
Shots for this period are 8 for VICTORIA GLADIATORS vs 0 for SAN FRANCISCO SPIDERS.

ShootOut


5:00 of 1st overtime period - Round #1.
5:00 of 1st overtime period - VICTORIA GLADIATORS, Vincent Trocheck.
5:00 of 1st overtime period - Goal by Vincent Trocheck.
5:00 of 1st overtime period - SAN FRANCISCO SPIDERS, Jared McCann.
5:00 of 1st overtime period - Stopped by Jake Oettinger.
5:00 of 1st overtime period - Round #2.
5:00 of 1st overtime period - VICTORIA GLADIATORS, Phil Kessel.
5:00 of 1st overtime period - Goal by Phil Kessel.
5:00 of 1st overtime period - SAN FRANCISCO SPIDERS, Viktor Arvidsson.
5:00 of 1st overtime period - Stopped by Jake Oettinger.
5:00 of 1st overtime period - Round #3.


AUSTON
MATTHEWS
JOEL
ERIKSSON
MATHEW
BARZAL

EAST COAST

HOCKEY LEAGUE

  • 21.PIT7MAN3
  • 22.ATL3NHW4
  • 23.WOR5PET4
  • 24.3RHI4
  • 25.QUECHI
  • 26.CHALIM
  • 27.TRVLON
  • 28.CHWBAL